 Dungeon Crawl Stone Soup version 0.21-a0-498-g1b60429 (webtiles) character file.

147 mortelune the Covered (level 5, -3/33 HPs)
             Began as a Gargoyle Fighter on Nov 24, 2017.
             Killed by nerve-wracking pain
             ... invoked by an orc priest
              (7 damage)
             ... on level 3 of the Dungeon.
             The game lasted 00:07:06 (2271 turns).

mortelune the Covered (Gargoyle Fighter)            Turns: 2271, Time: 00:07:06

Health: -3/33      AC: 14    Str: 21    XL:     5   Next: 29%
Magic:  5/5        EV:  5    Int:  8    God:
Gold:   65         SH:  9    Dex:  9    Spells: 4/4 levels left

rFire    . . .     SeeInvis .   a - +0 flail
rCold    . . .     Gourm    .   c - +0 shield
rNeg     + . .     Faith    .   g - +0 chain mail
rPois    ∞         Spirit   .   (no helmet)
rElec    +         Reflect  .   (no cloak)
rCorr    .         Harm     .   j - +0 pair of gloves
MR       .....                  (no boots)
Stlth    ..........             (no amulet)
HPRegen  0.11/turn              m - ring of loudness (curse)
MPRegen  0.09/turn              (no ring)

@: no status effects
A: negative energy resistance 1, electricity resistance, unbreathing,
petrification resistance, rot immunity, AC +4
a: no special abilities


You were on level 3 of the Dungeon.
You were near starving.

You visited 1 branch of the dungeon, and saw 3 of its levels.

You collected 65 gold pieces.

Inventory:

Hand Weapons
 a - a +0 flail (weapon)
 q - a +0 hunting sling
Missiles
 r - 10 stones (quivered)
Armour
 b - a +0 scale mail
 c - a +0 shield (worn)
 g - a +0 chain mail (worn)
 j - a +0 pair of gloves (worn)
Jewellery
 m - a cursed ring of loudness (left hand)
Scrolls
 k - a scroll of identify {unknown}
 l - a scroll of fog {unknown}
 n - a scroll of random uselessness {unknown}
 o - a scroll of remove curse {unknown}
Potions
 d - a potion of might
 e - a potion of cancellation {unknown}
 i - a potion of curing {unknown}
 p - a potion of heal wounds {unknown}
Comestibles
 f - a bread ration
 h - a meat ration


   Skills:
 + Level 4.2 Fighting
 * Level 4.0 Maces & Flails
 + Level 4.2 Armour
 - Level 3.2 Shields


You had 4 spell levels left.
You didn't know any spells.

Dungeon Overview and Level Annotations

Branches:
Dungeon (3/15)

Altars:
Cheibriados
Gozag
Xom


Innate Abilities, Weirdness & Mutations

You are resistant to torment.
Your stone body is resilient. (AC +4)
You are immune to poison.
You resist negative energy. (rN+)
You are resistant to electric shocks. (rElec)
You can survive without breathing.
You are immune to petrification.
You are immune to rotting.


Message History

The orc priest is heavily wounded.
You block the orc priest's attack.
You hit the orc priest.
The orc priest is severely wounded.
The orc priest miscasts a cantrip.
Your shield and chain mail prevent you from hitting the orc priest.
The orc priest is severely wounded.
The orc priest hits you but does no damage.
You closely miss the orc priest.
The orc priest is severely wounded.
The orc priest hits you but does no damage.
Your chain mail prevents you from hitting the orc priest.
The orc priest is severely wounded.
The orc priest barely misses you.
The orc priest hits you but does no damage.
Your shield and chain mail prevent you from hitting the orc priest.
The orc priest is severely wounded.
The orc priest calls down the wrath of Beogh upon you.
Pain shoots through your body!
You die...

### ##.## ##########
####.#.#####...o@...###
....###......######.....
.....#.###.#.######.####
....o.....###.÷...><#
##########.#.#####..# #
##.## #..# # #.# #†.# #
#.# #..# # #.# #..#


You could see an orc priest.

Vanquished Creatures
  Natasha (thrice) (D:2)
  An adder (D:2)
  A worm (D:2)
  3 leopard geckos
  3 orcs (D:3)
  5 bats
  3 giant cockroaches (D:1)
  5 goblins (D:1)
  6 hobgoblins
  8 jackals (D:1)
  3 kobolds (D:1)
  A ball python (D:1)
  2 frilled lizards (D:2)
  9 rats
53 creatures vanquished.

Notes
Turn   | Place    | Note
-------+----------+-------------------------------------------
     0 | D:1      | mortelune the Gargoyle Fighter began the quest for the Orb.
     0 | D:1      | Reached XP level 1. HP: 14/14 MP: 1/1
    65 | D:1      | Reached XP level 2. HP: 19/19 MP: 2/2
   469 | D:1      | Reached XP level 3. HP: 23/23 MP: 3/3
   963 | D:2      | Found a shimmering altar of Xom.
   987 | D:2      | Found a snail-covered altar of Cheibriados.
  1297 | D:2      | Noticed Natasha
  1310 | D:2      | HP: 1/24 [something (2)]
  1313 | D:2      | Killed Natasha
  1313 | D:2      | Reached XP level 4. HP: 1/29 MP: 4/4
  1640 | D:2      | Noticed Natasha
  1681 | D:2      | Killed Natasha
  1807 | D:2      | Noticed Natasha
  1814 | D:2      | Killed Natasha
  1814 | D:2      | Reached XP level 5. HP: 33/33 MP: 5/5
  1882 | D:2      | Found an opulent altar of Gozag.
  2271 | D:3      | Killed from afar by an orc priest

Vault maps used:
D:1:      minmay_arrival_jagged
D:2:      nicolae_gozag_seed_capital, nicolae_overflow_crystal_walls,
          old_standard_altar, first_bread, kennysheep_pointless_box,
          uniq_natasha
D:3:      hangedman_decor_slide_cut, okawaru_metal_pillars_1_2

Skill      XL: |  1  2  3  4  5 |
---------------+----------------+-----
Maces & Flails | 3 4 |  4.0
Fighting       | 4 |  4.2
Armour         | 4 |  4.2
Shields        | |  3.2

Action                   |  1- 3 |  4- 6 || total
-------------------------+-------+-------++-------
Melee: Flail             |   186 |    73 ||   259
  Use: Potion            |     1 |       ||     1
  Eat: Chunk             |     2 |     1 ||     3
Armor: Scale mail        |   148 |       ||   148
       Chain mail        |    23 |    64 ||    87
Dodge: Dodged            |    88 |    20 ||   108
Block: Shield            |   143 |    36 ||   179

Table legend:
 A = Spawn XP
 B = Non-spawn XP
 C = Spawn XP percentage of total XP
 D = Spawn monster count
 E = Non-spawn monster count
 F = Spawn count percentage of total count
 G = Total turns spent on level
                    A         B        C        D         E        F      G
               +---------+---------+-------+---------+---------+-------+---------
         Total |       0 |     210 |   0.0 |       0 |      53 |   0.0 |  2271
               +---------+---------+-------+---------+---------+-------+---------
           D:1 |       0 |      54 |   0.0 |       0 |      33 |   0.0 |   955
           D:2 |       0 |     141 |   0.0 |       0 |      14 |   0.0 |  1180
           D:3 |       0 |      15 |   0.0 |       0 |       6 |   0.0 |   136
               +---------+---------+-------+---------+---------+-------+---------
